 Dungeon Crawl Stone Soup version 0.29.1-2-gbd0b4ee654 (webtiles) character file.

Game seed: 6178682102878713516

142 Descartes the Ducker (level 5, -7/25 HPs)
             Began as a Spriggan Wanderer on Nov 16, 2022.
             Mangled by an iguana (10 damage)
             ... on level 4 of the Dungeon.
             The game lasted 00:10:03 (5141 turns).

Descartes the Ducker (Spriggan Wanderer)            Turns: 5141, Time: 00:10:03

Health: -7/25      AC:  2    Str: 13    XL:     5   Next: 3%
Magic:  6/11       EV: 17    Int: 15    God:
Gold:   82         SH:  0    Dex: 10    Spells: 9/10 levels left

rFire   . . .      SeeInvis +   m - +0 dagger
rCold   . . .      Faith    .   (no shield)
rNeg    . . .      Spirit   .   b - +0 robe
rPois   .          Reflect  .   (helmet restricted)
rElec   .          Harm     .   (no cloak)
rCorr   .          Rampage  .   (gloves unavailable)
Will    .....                   (boots unavailable)
Stlth   ++........              (no amulet)
HPRegen 0.08/turn               (no ring)
MPRegen 0.12/turn               (no ring)

@: very quick
A: very small, no large weapons, unfitting armour, see invisible, speed 3
a: no special abilities


You were on level 4 of the Dungeon.
You visited 1 branch of the dungeon, and saw 4 of its levels.

You collected 82 gold pieces.

Inventory:

Hand Weapons
 a - a +0 spear
 m - a +0 dagger (weapon)
Missiles
 h - 2 boomerangs
 n - 2 poisoned darts
Armour
 b - a +0 robe (worn)
Scrolls
 c - a scroll of fog
 f - a scroll of fear
 g - 3 scrolls of blinking
 k - a scroll of noise
 l - a scroll of enchant armour {unknown}
 o - a scroll of brand weapon
 p - 2 scrolls of vulnerability
Potions
 d - a potion of mutation {unknown}
 e - a potion of might {unknown}
 i - a potion of ambrosia {unknown}
 j - 2 potions of brilliance {unknown}
 q - a potion of heal wounds {unknown}
 r - a potion of curing {unknown}


   Skills:
 - Level 1.0 Fighting
 + Level 1.6 Short Blades
 - Level 2.1 Polearms
 + Level 3.6 Dodging
 + Level 2.4 Stealth
 + Level 3.4 Spellcasting
 + Level 1.0 Conjurations
 + Level 2.4 Translocations
 + Level 2.4 Air Magic


You had 9 spell levels left.
You knew the following spells:

 Your Spells              Type           Power      Damage    Failure   Level
a - Shock                 Conj/Air       28%        1d4       10%         1

Your spell library contained the following spells:

 Spells                   Type           Power      Damage    Failure   Level
 Static Discharge         Conj/Air       7%         3-4/arc   14%         2
 Mephitic Cloud           Conj/Pois/Air  6%         N/A       34%         3
 Dispersal                Tloc           4%         N/A       100%        6
 Disjunction              Tloc           4%         N/A       100%        8


Dungeon Overview and Level Annotations

Branches:
Dungeon (4/15)
 Temple: D:4-7

Altars:


Innate Abilities, Weirdness & Mutations

You are very small and have problems with some larger weapons.
You are too small for most types of armour.
You have supernaturally acute eyesight. (SInv)
You cover ground extremely quickly. (Speed+++)


Message History

Casting: Shock (safe; 10% risk of failure)
Confirm with . or Enter, or press ? or * to list all spells.
Aiming: Shock (safe; 10% risk of failure)
Press: ? - help, Shift-Dir - straight line, f/p - iguana
Aim: an iguana (lightly wounded, 72% to hit)
The zap hits the iguana.
The iguana is moderately wounded.
An orc comes into view. It is wielding a +0 club.
Casting: Shock (safe; 10% risk of failure)
Confirm with . or Enter, or press ? or * to list all spells.
Aiming: Shock (safe; 10% risk of failure)
Press: ? - help, Shift-Dir - straight line, f/p - iguana
Aim: an iguana (moderately wounded, 72% to hit)
That beam is likely to hit you.
Continue anyway?
Okay, then.
An orc comes into view. It is wielding a +0 dagger.
The orc shouts!
Casting: Shock (safe; 10% risk of failure)
Confirm with . or Enter, or press ? or * to list all spells.
Aiming: Shock (safe; 10% risk of failure)
Press: ? - help, Shift-Dir - straight line, f/p - iguana
Aim: an iguana (moderately wounded, 72% to hit)
The zap hits the iguana but does no damage.
The iguana is moderately wounded.
The zap hits the iguana.
The iguana is moderately wounded.
An orc comes into view. It is wielding a +0 whip.
The iguana bites you.
The orc shouts!
You hit the iguana but do no damage.
The iguana is moderately wounded.
You hit the iguana.
The iguana is severely wounded.
The iguana bites you!
Ouch! That really hurt!
* * * LOW HITPOINT WARNING * * *
You barely miss the iguana.
The iguana is severely wounded.
The iguana bites you!
You die...

### ##.## ... ##.#.# #.#
##.###. #.# ##.## ## #.#
#.## # #.# ##.## ## #.#
##########.# ##.###. #.#
.o.o..o@l..#########.#>.
#.#
#########.............##
#.# #.##########..## #.#
#.# #..# #.# #.# #....
#.# #.# ##.## †<# .#.
#.# ### # # #.# #..


You could see an iguana and 3 orcs.

Vanquished Creatures
  Jessica (D:2)
  6 adders
  2 worms
  An orc (D:3)
  4 endoplasms
  6 goblins
  4 hobgoblins
  9 jackals
  3 quokkas
  2 ball pythons (D:1)
  6 bats
  4 kobolds
  7 rats
55 creatures vanquished.

Notes
Turn   | Place    | Note
-------+----------+-------------------------------------------
     0 | D:1      | Descartes the Spriggan Wanderer began the quest for the
                  | Orb.
     0 | D:1      | Descartes set off with the following items: a +0 spear, a
                  | +0 robe, a scroll of fog; and the following spell
                  | memorised: Shock; and the following spells available to
                  | memorise: Static Discharge, Mephitic Cloud.
     0 | D:1      | Reached XP level 1. HP: 10/10 MP: 5/5
   223 | D:1      | Reached XP level 2. HP: 11/14 MP: 1/6
   366 | D:1      | Reached skill level 1 in Stealth
  1803 | D:2      | Noticed Jessica
  2153 | D:2      | Reached skill level 1 in Translocations
  2153 | D:2      | Reached XP level 3. HP: 18/18 MP: 0/8
  2234 | D:2      | Killed Jessica
  2235 | D:2      | Reached skill level 1 in Short Blades
  2656 | D:2      | Reached XP level 4. HP: 22/22 MP: 1/9
  3574 | D:2      | Found a faded altar of an unknown god.
  3821 | D:3      | Reached skill level 1 in Conjurations
  4899 | D:4      | Reached XP level 5. HP: 17/25 MP: 0/11
  5141 | D:4      | Mangled by an iguana

Illustrated notes

Levels and vault maps discovered:
D:1:      arrival_zaba_pyramid, layout_loops_corners
D:2:      layout_loops_corners, hellmonk_ecumenical_altar_prayer_group,
          minmay_misc_feat_alley, minivault_4, st_stairs_9, uniq_jessica
D:3:      layout_basic
D:4:      layout_loops_ring, enter_ossuary_3, minivault_23, nzn_random_ring,
          uniq_sigmund, uniq_grinder

Skill      XL: |  1  2  3  4 |
---------------+-------------+-----
Stealth        | 1 2 |  2.4
Dodging        | 3 |  3.6
Spellcasting   | 3 |  3.4
Translocations | 1 2 |  2.4
Air Magic      | 2 |  2.4
Short Blades   | 1 |  1.6
Conjurations   | 1 |  1.0
Fighting       | |  1.0
Polearms       | |  2.1

Action                   |  1- 3 |  4- 6 || total
-------------------------+-------+-------++-------
Melee: Spear             |    25 |       ||    25
       Dagger            |     1 |    10 ||    11
 Cast: Shock             |    71 |   112 ||   183
  Use: Scroll            |       |     5 ||     5
Armor: Robe              |     2 |     2 ||     4
Dodge: Dodged            |    38 |    35 ||    73
